molly, chaotic female human Rogue ----- .... ... ---------------- .. |..{...........-# . |..............|# q@#######..............`|# q --.-------------# # # ### # # # ### # # # ### # ---------- ------.--.------ ##|........| |..............+###############|........| |..............| ###.........| |...............############# |........| ---------------- ---------- molly the Cutpurse Experience level: 4 Strength: 13 Dexterity: 16 Constitution: 14 Intelligence: 15 Wisdom: 7 Charisma: 10 Health: 0(26) Energy: 13(13) Def: 9 Gold: 70 Moves: 2029 Dungeon seed: 84r-dWes2crsekf- Game ID: molly_1521249593 Your Inventory: Coins $ - 70 gold pieces Weapons a - 3 uncursed +0 elven daggers (wielded) b - 8 uncursed +0 daggers (in quiver) s - 12 uncursed +0 darts Armor n - an uncursed +0 alchemy smock q - a blessed +1 orcish helm (being worn) w - a blessed +2 elven mithril-coat (being worn) x - an uncursed +0 dwarvish cloak (being worn) Comestibles m - an uncursed food ration o - an uncursed apple Tools k - an uncursed lock pick B - an uncursed sack Gems e - an uncursed worthless piece of blue glass r - an uncursed worthless piece of green glass y - an uncursed jade stone z - 2 uncursed worthless pieces of white glass Contents of the sack: 492 gold pieces a blessed +0 short sword an uncursed scroll of earth 2 uncursed scrolls of enchant armor a blessed scroll of identify an uncursed scroll of identify an uncursed scroll of stinking cloud an uncursed scroll of taming an uncursed potion of full healing an uncursed potion of healing an uncursed potion of object detection an uncursed potion of sickness an uncursed potion of sleeping an uncursed potion of speed a potion of unholy water Spells and supernatural/magical abilities: Name Level Category Fail Memory W - pray for help -- divine ? -- Your skills at the end: Fighting Skills Weapon Skills dagger [Basic] short sword [Basic] Spellcasting Skills Final Attributes: You were piously aligned. You were telepathic. You were stealthy. You are dead. Vanquished creatures: a floating eye a kitten an iguana an acid blob 3 hobbits 5 manes a gecko 4 jackals a kobold 4 goblins 2 sewer rats a grid bug 2 bats 3 lichens a kobold zombie 5 newts 36 creatures vanquished. Voluntary challenges: You used a wielded weapon 56 times, starting on turn 54. You were illiterate. You never genocided any monsters. You never polymorphed an object. You never changed form. You used no wishes. You never split a pudding. You never wrote Elbereth's name. You never violated your personal moral code. Dungeon overview: The Dungeons of Doom: levels 1 to 5 Level 1 a fountain a long staircase Level 2 (stash) an altar to Mog, some fountains Level 3 some fountains Level 4 a fountain Level 5 <- You were here a fountain History has recorded: On T:1 you entered the Dungeons of Doom to retrieve the Amulet of Yendor! On T:230 you reached level 2 of The Dungeons of Doom. On T:490 you reached level 3 of The Dungeons of Doom. On T:568 you advanced to experience level 2. On T:856 you advanced to experience level 3. On T:1561 you advanced to experience level 4. On T:1681 you reached level 4 of The Dungeons of Doom. On T:1896 you reached level 5 of The Dungeons of Doom. Score breakdown: Gold: 562 ( 9356 points) Experience: 4 levels ( 9649 points) Exploration: 5 levels ( 9.62%) ( 8401 points) Discoveries: 0 items ( 0.00%) ( 0 points) Valuables value: (no points given unless you survive) Artifact value: 0 ( 0 points) Variety of kills: 16 monsters ( 4.20%) ( 6147 points) Turncount: 2029 turns ( -22 points) Survival: died (score multiplied by 80%) Total score: 26824 Latest messages: Never mind. You hear someone cursing shoplifters. You are beginning to feel hungry. You stop exploring. You hear the splashing of a naiad. The door opens. You stop exploring. You hit the gecko. You kill the gecko! The rothe hits! The rothe bites! The rothe misses. The rothe hits! The rothe bites! (2x) You hit the rothe. The rothe hits! The rothe bites! (2x) The rothe just misses! The rothe bites! (2x) You die... Final status: Goodbye molly the Rogue, killed by a rothe... You died in The Dungeons of Doom on dungeon level 5 with 26824 points, and 562 pieces of gold, after 2029 moves. You were level 4 with a maximum of 26 hit points when you died.